AoeStats
← polar366

Arabia

510498544Analyzed
1v1 RM · 20h ago on Oct 1, 2026· 32m 42s· 2 players
Game mode
Random Map
Map size
Tiny (2 player)
Population
200
Speed
Normal
Resources
Standard
Victory
Conquest
Starting age
Dark Age
Ending age
Imperial Age
RankedLock teamsTeams togetherTeam positionsShared explorationLock speedFull tech treeHidden civsTurbo modeCheats
Victory
Defeat
🇹🇼 Persians · Taiwan
837
+16
🇨🇳 Franks · China
845
-16
polar366
6:40 Loom
9:20 Feudal Age
9:44 Double-Bit Axe
13:10 Horse Collar
20:13 Castle Age
19:44 Wheelbarrow
19:11 Gold Mining
19:36 Fletching
20:28 Padded Archer Armor
21:17 Bow Saw
26:07 Ballistics
27:28 Pikeman
30:51 Stone Mining
32:17 Stone Shaft Mining
梅花蛇草水
10:05 Feudal Age
11:00 Double-Bit Axe
18:06 Castle Age
18:36 Scale Barding Armor
20:47 Husbandry
25:07 Gold Mining
26:31 Wheelbarrow
25:44 Loom
27:08 Bow Saw
28:55 Forging
29:06 Chain Barding Armor
28:53 Murder Holes
31:25 Hand Cart
31:51 Gold Shaft Mining
31:07 Stone Mining
Connection lost

Rejoining the realm…

Still unreachable

The connection could not be restored.

Session expired

The server has moved on; the page needs a fresh start.